 Dungeon Crawl Stone Soup version 0.29-a0-821-g66395355a5 (webtiles) character file.

Game seed: 17850879664677702584

819 jimonade the Magician (level 7, 0/52 HPs)
             Began as a Mummy Necromancer on July 7, 2022.
             Was an Initiate of Yredelemnul.
             Slain by a killer bee (5 damage)
             ... on level 8 of the Dungeon.
             The game lasted 00:18:50 (4426 turns).

jimonade the Magician (Mummy Necromancer)           Turns: 4426, Time: 00:18:50

Health: 0/52       AC: 13    Str: 13    XL:     7   Next: 63%
Magic:  2/16       EV: 11    Int: 17    God:    Yredelemnul [......]
Gold:   157        SH:  0    Dex: 12    Spells: 14/18 levels left

rFire   x . .      SeeInvis .   s - +2 spear (flame)
rCold   + . .      Faith    .   (no shield)
rNeg    + + +      Spirit   .   l - +5 ring mail of Fortitude {Will- rCorr Str+2 Slay+6}
rPois   ∞          Reflect  .   o - +0 helmet
rElec   .          Harm     .   g - +0 cloak
rCorr   +          Rampage  .   (no gloves)
Will    .....                   (no boots)
Stlth   +.........              (no amulet)
HPRegen 0.17/turn               (no ring)
MPRegen 0.15/turn               (no ring)

@: no status effects
A: cold resistance 1, negative energy resistance 3, torment resistance 2, heat
vulnerability 1, in touch with death 1, no potions
a: Renounce Religion, Recall Undead Harvest


You were on level 8 of the Dungeon.
You worshipped Yredelemnul.
Yredelemnul was noncommittal.
You visited 2 branches of the dungeon, and saw 7 of its levels.

You collected 157 gold pieces.

Inventory:

Hand Weapons
 q - a +1 flail of protection
 r - a +1 flail of draining
 s - a +2 spear of flaming (weapon)
Missiles
 h - 6 atropa-tipped darts
 j - 15 poisoned darts
 p - a stone
Armour
 a - a +0 robe
 g - a +0 cloak (worn)
 l - the +5 ring mail of Fortitude (worn) {Will- rCorr Str+2 Slay+6}
   (You found it on level 3 of the Dungeon)

   Str:       It affects your strength (+2).
   Slay:      It affects your accuracy & damage with ranged weapons and melee
   (+6).
   rCorr:     It protects you from acid and corrosion.
   Will:      It decreases your willpower.
 m - a +0 plate armour
 o - a +0 helmet (worn)
Scrolls
 b - 2 scrolls of amnesia {unknown}
 c - a scroll of identify {unknown}
 d - a scroll of enchant armour {unknown}
 e - 3 scrolls of teleportation {unknown}
 f - 3 scrolls of magic mapping {unknown}
 n - a scroll of blinking {unknown}


   Skills:
 * Level 3.2 Fighting
 - Level 0.2 Polearms
 * Level 3.5 Armour
 + Level 2.2 Dodging
 - Level 1.7 Stealth
 + Level 6.0 Spellcasting
 + Level 5.4 Necromancy


You had 14 spell levels left.
You knew the following spells:

 Your Spells              Type           Power      Damage    Failure   Level
a - Necrotise             Necr           100%       1d9       2%          1
b - Vampiric Draining     Necr           35%        2d8       9%          3

Your spell library contained the following spells:

 Spells                   Type           Power      Damage    Failure   Level
 Slow                     Hex            20%        N/A       26%         1
 Dispel Undead            Necr           35%        3d15      28%         4
 Static Discharge         Conj/Air       5%         3-4/arc   36%         2
 Confusing Touch          Hex            5%         N/A       61%         3
 Agony                    Necr           35%        N/A       61%         5
 Sticky Flame             Conj/Fire      5%         2d3       95%         4
 Animate Dead             Necr           Unusable   N/A       N/A         4

Dungeon Overview and Level Annotations

Branches:
Dungeon (5/15)             Temple (1/1) D:4

Altars:
Ashenzari
Fedhas
Gozag
Hepliaklqana
Nemelex Xobeh
Okawaru
Sif Muna
Uskayaw
Vehumet
Xom
Yredelemnul

Shops:
D:1 (   D:2 [


Innate Abilities, Weirdness & Mutations

You are immune to poison.
Your flesh is cold resistant. (rC+)
You are immune to negative energy. (rN+++)
You are immune to unholy pain and torment.
You are vulnerable to heat. (rF-)
You are in touch with the powers of death.
You do not drink.


Message History

The centaur shoots an arrow.
The arrow hits you but does no damage.
You reach to attack!
You completely miss the killer bee.
The killer bee is heavily wounded.
Your killer bee zombie closely misses the killer bee.
The killer bee stings your killer bee zombie!
Your killer bee zombie is destroyed!
The centaur shoots an arrow.
The arrow misses you.
You completely miss the killer bee.
The killer bee is heavily wounded.
The killer bee stings you but does no damage.
The centaur shoots an arrow.
The arrow hits you. The killer bee stings you.
You are too injured to fight recklessly!
You barely miss the killer bee.
The killer bee is heavily wounded.
The killer bee closely misses you. The killer bee stings you.
The killer bee barely misses you.
The killer bee stings you but does no damage.
You hit the killer bee. You burn the killer bee.
The killer bee is almost dead.
The killer bee stings you but does no damage.
The killer bee closely misses you. The killer bee misses you.
The killer bee stings you but does no damage. x2
The killer bee misses you.
You barely miss the killer bee.
The killer bee is almost dead.
The killer bee stings you but does no damage.
The killer bee barely misses you. The killer bee misses you.
The killer bee stings you.
You puncture the killer bee! You burn the killer bee.
You kill the killer bee!
The killer bee barely misses you.
The centaur shoots an arrow.
The arrow hits you.
* * * LOW HITPOINT WARNING * * *
The killer bee stings you but does no damage.
The centaur shoots an arrow.
The arrow hits you!
* * * LOW HITPOINT WARNING * * *
Your Spellcasting skill increases to level 6!
The killer bee stings you.
You die...
Yredelemnul claims you as an undead slave.

.y# .. #
c.#..
....#
....#
###..#
##.).#
###yc###
#..@##
#.### ##


You could see a centaur and a killer bee.

Vanquished Creatures
  A water moccasin (D:4)
  A black bear (D:4)
  A centaur (D:8)
  A scorpion (D:5)
  5 killer bees (D:8)
  A gnoll bouda (D:5)
  An orc priest (D:3)
  2 orc wizards (D:4)
  6 gnolls
  3 adders
  A dart slug (D:3)
  9 orcs
  3 ball pythons
  10 endoplasms
  6 giant cockroaches
  4 goblins
  5 hobgoblins
  2 kobolds (D:3)
  10 quokkas
  2 bats
  A frilled lizard (D:2)
  An orc zombie (D:4)
  3 rats (D:2)
79 creatures vanquished.

Vanquished Creatures (collateral kills)
  A bat (D:2)
  A goblin (D:1)
2 creatures vanquished.

Vanquished Creatures (others)
  2 killer bee zombies (D:8)
  2 gnoll zombies (D:5)
  A fungus (D:1)
  62 plants (D:2)
67 creatures vanquished.

Grand Total: 148 creatures vanquished

Notes
Turn   | Place    | Note
-------+----------+-------------------------------------------
     0 | D:1      | jimonade the Mummy Necromancer began the quest for the Orb.
     0 | D:1      | Reached XP level 1. HP: 13/13 MP: 4/4
   226 | D:1      | Found a faded altar of an unknown god.
   244 | D:1      | Reached XP level 2. HP: 12/19 MP: 1/5
   245 | D:1      | Reached skill level 3 in Spellcasting
   607 | D:1      | Found Ginyickonom's Weapon Emporium.
   944 | D:2      | Found a sparkling altar of Nemelex Xobeh.
   952 | D:2      | Gained mutation: You are in touch with the powers of death.
                  | [Mummy growth]
   952 | D:2      | Reached XP level 3. HP: 25/25 MP: 3/7
  1249 | D:2      | Learned a level 3 spell: Vampiric Draining
  1543 | D:2      | Reached skill level 4 in Spellcasting
  1563 | D:2      | Reached XP level 4. HP: 31/31 MP: 3/10
  1787 | D:2      | Found Feisk's Antique Armour Shoppe.
  2158 | D:3      | Identified the +5 ring mail of Fortitude {Will- rCorr Str+2
                  | Slay+6}
  2351 | D:3      | Reached skill level 1 in Fighting
  3170 | D:4      | Noticed a black bear
  3175 | D:4      | Killed a black bear
  3176 | D:4      | Reached skill level 1 in Armour
  3176 | D:4      | Reached skill level 5 in Spellcasting
  3176 | D:4      | Reached XP level 5. HP: 38/38 MP: 10/12
  3399 | D:4      | Noticed a water moccasin
  3400 | D:4      | Found a staircase to the Ecumenical Temple.
  3408 | D:4      | Killed a water moccasin
  3409 | D:4      | Reached skill level 5 in Necromancy
  3409 | D:4      | Reached XP level 6. HP: 24/44 MP: 12/14
  3563 | Temple   | Entered the Ecumenical Temple
  3754 | Temple   | Became a worshipper of Yredelemnul the Dark
  4144 | D:5      | Entered Level 5 of the Dungeon
  4326 | D:5      | Reached XP level 7. HP: 50/51 MP: 15/15
  4394 | D:5      | You fall into a shaft and drop 3 floors!
  4415 | D:8      | Reached * piety under Yredelemnul
  4426 | D:8      | Reached skill level 6 in Spellcasting
  4426 | D:8      | Slain by a killer bee

Illustrated notes

Levels and vault maps discovered:
D:1:      ebering_trefoil_3fold, layout_loops_cross, serial_shops,
          nicolae_shop_temple_entry_statues_fountains,
          dreamdust_ecumenical_altar_grove
D:2:      wad_woods_stonehenge, layout_loops_ring, serial_shops,
          nicolae_shop_behind_doors
D:3:      layout_basic, kennysheep_generic_room_5
D:4:      layout_basic, minmay_temple_entry_sparse_star
D:5:      layout_cave_pools, overflow_temple_1_default,
          grunt_temple_overflow_cloverleaf, kennysheep_generic_room_12,
          uniq_edmund
D:8:      layout_cave_pods, roderic_batcave, kb_rosetta
Temple:   zaba_magenta_temple

Skill      XL: |  1  2  3  4  5  6  7 |
---------------+----------------------+-----
Spellcasting   | 3 4 5 6 |  6.0
Fighting       | 1 2 3 |  3.2
Armour         | 1 2 3 |  3.5
Necromancy     | 5 |  5.4
Dodging        | 2 |  2.2
Polearms       | |  0.2
Stealth        | |  1.7

Action                   |  1- 3 |  4- 6 |  7- 9 || total
-------------------------+-------+-------+-------++-------
Melee: Unarmed           |     7 |       |       ||     7
       Dagger            |     1 |     6 |       ||     7
       Spear             |       |   126 |    19 ||   145
       Punch             |       |     2 |       ||     2
 Cast: Necrotise         |    71 |    16 |       ||    87
       Vampiric Draining |       |     2 |     5 ||     7
 Stab: Sleeping          |       |     3 |       ||     3
Armor: Robe              |     4 |       |       ||     4
       Ring mail         |       |    77 |    18 ||    95
Dodge: Dodged            |    17 |    75 |    43 ||   135

Table legend: (Time is in decaauts)
 A = Elapsed time spent in this place.
 B = Non-inter-level travel time spent in this place.
 C = Inter-level travel time spent in this place.
 D = Time resting spent in this place.
 E = Time spent auto-exploring this place.
 F = Levels seen in this place.
 G = Mean time per level.
                   A        B        C        D        E       F      G
               +--------+--------+--------+--------+--------+-----+--------+
         Total |   4440 |   4180 |    260 |    350 |   2779 |   7 |  634.3 |
       Dungeon |   4232 |   3988 |    244 |    350 |   2729 |   6 |  705.3 |
        Temple |    208 |    192 |     16 |      0 |     50 |   1 |  208.0 |
               +--------+--------+--------+--------+--------+-----+--------+

Top non-repeatable levels by time:
     D:3: 1227 daAuts
     D:2: 1143 daAuts
     D:1: 971 daAuts
     D:4: 605 daAuts
     D:5: 251 daAuts
  Temple: 208 daAuts
     D:8: 33 daAuts
